 Dungeon Crawl Stone Soup version 0.24.0-13-gcf9b319 (webtiles) character file.

Game seed: 18224636800582584549, levelgen mode: deterministic

150 Bronimir the Firebug (level 5, 0/48 HPs)
             Began as an Ogre Fire Elementalist on Apr 19, 2020.
             Was an Initiate of Okawaru.
             Slain by an orc wizard
             ... wielding a +0 dagger
              (2 damage)
             ... on level 5 of the Dungeon.
             The game lasted 00:08:45 (3747 turns).

Bronimir the Firebug (Ogre Fire Elementalist)       Turns: 3747, Time: 00:08:46

Health: 0/48       AC:  3    Str: 13    XL:     5   Next: 32%
Magic:  0/9        EV: 10    Int: 16    God:    Okawaru [......]
Gold:   84         SH:  0    Dex:  9    Spells: 7/10 levels left

rFire    . . .     SeeInvis .   a - +1 club
rCold    . . .     Gourm    .   (no shield)
rNeg     . . .     Faith    .   i - +0 robe
rPois    .         Spirit   .   (helmet restricted)
rElec    .         Reflect  .   (no cloak)
rCorr    .         Harm     .   (gloves unavailable)
MR       .....                  (boots unavailable)
Stlth    ++........             (no amulet)
HPRegen  0.16/turn              (no ring)
MPRegen  0.11/turn              (no ring)

@: flying, very slightly contaminated
A: large, unfitting armour, tough skin 1
a: Renounce Religion


You were on level 5 of the Dungeon.
You worshipped Okawaru.
Okawaru was noncommittal.
You were not hungry.

You visited 1 branch of the dungeon, and saw 5 of its levels.

You collected 84 gold pieces.

Inventory:

Hand Weapons
 a - a +1 club (weapon)
 j - a -1 spear
 l - a +0 war axe
Missiles
 b - 103 stones (quivered)
 k - 33 arrows
Armour
 i - a +0 robe (worn)
Jewellery
 h - an uncursed ring of magical power {unknown}
 q - an uncursed ring of poison resistance {unknown}
Scrolls
 e - a scroll of fear
 f - 2 scrolls of magic mapping {unknown}
 g - a scroll of remove curse
 o - 2 scrolls of blinking
 p - a scroll of immolation {unknown}
Potions
 d - a potion of agility
 m - 2 potions of curing
Comestibles
 c - 3 rations


   Skills:
 * Level 1.6 Fighting
 * Level 1.3 Maces & Flails
 + Level 0.9 Polearms
 * Level 2.7 Dodging
 - Level 1.5 Stealth
 * Level 3.1 Spellcasting
 * Level 1.5 Conjurations
 * Level 3.4 Fire Magic


You had 7 spell levels left.
You knew the following spells:

 Your Spells              Type           Power        Failure   Level  Hunger
a - Flame Tongue          Conj/Fire      ##...        7%          1    None
b - Throw Flame           Conj/Fire      ##....       11%         2    ##.....

Your spell library contained the following spells:

 Spells                   Type           Power        Failure   Level  Hunger
 Conjure Flame            Conj/Fire      ##......     21%         3    ###....
 Inner Flame              Hex/Fire       #.......     28%         3    ###....
 Sticky Flame             Conj/Fire      ##......     56%         4    ####...
 Fireball                 Conj/Fire      ##........   88%         5    ######.


Dungeon Overview and Level Annotations

Branches:
Dungeon (5/15)
 Temple: D:4-7

Altars:
Hepliaklqana
Kikubaaqudgha
Okawaru
Ru
The Shining One


Innate Abilities, Weirdness & Mutations

You are too large for most types of armour.
You have tough skin. (AC +1)


Message History

You feel very buoyant.
You fly up into the air.
Something hits you but does no damage.
You miss something. Something hits you.
You hit something but do no damage. Something hits you but does no damage.
Something hits you.
* * * LOW HITPOINT WARNING * * *
You miss something.
You hear some strange, mumbled words.
A puff of flame appears from out of thin air!
The puff of flame hits you!
* * * LOW HITPOINT WARNING * * *
Casting: Flame Tongue (safe; 7% risk of failure)
Confirm with . or Enter, or press ? or * to list all spells.
You can't see any susceptible monsters within range! (Use Z to cast anyway.)
Casting: Flame Tongue (safe; 7% risk of failure)
Confirm with . or Enter, or press ? or * to list all spells.
Aiming: Flame Tongue (safe; 7% risk of failure)
Press: ? - help, Shift-Dir - straight line The flame tongue hits something.
Something hits you.
You die... # #.#####.# #.{@.?..# #########

There were no monsters in sight!

Vanquished Creatures
  A bullfrog zombie (D:3)
  An orc wizard (D:2)
  3 adders
  A dart slug (D:2)
  4 orcs
  A ball python (D:2)
  5 giant cockroaches
  6 goblins
  4 hobgoblins
  3 jackals
  6 kobolds
  2 quokkas
  4 bats
  A frilled lizard (D:1)
  11 rats
53 creatures vanquished.

Notes
Turn   | Place    | Note
-------+----------+-------------------------------------------
     0 | D:1      | Bronimir the Ogre Fire Elementalist began the quest for the
                  | Orb.
     0 | D:1      | Reached XP level 1. HP: 16/16 MP: 3/3
   221 | D:1      | Reached XP level 2. HP: 24/24 MP: 3/5
   668 | D:2      | Reached skill level 1 in Conjurations
   859 | D:2      | Reached XP level 3. HP: 28/32 MP: 4/6
   908 | D:2      | Learned a level 2 spell: Throw Flame
  1054 | D:2      | Found an ancient bone altar of Kikubaaqudgha.
  1649 | D:2      | Found a sacrificial altar of Ru.
  1671 | D:2      | Reached skill level 1 in Fighting
  1671 | D:2      | Reached XP level 4. HP: 15/41 MP: 0/8
  1996 | D:3      | Noticed a phantom
  2001 | D:3      | Reached skill level 1 in Maces & Flails
  3040 | D:3      | Reached XP level 5. HP: 12/48 MP: 5/9
  3531 | D:4      | Found an iron altar of Okawaru.
  3531 | D:4      | Found a glowing golden altar of the Shining One.
  3532 | D:4      | Found a hazy altar of Hepliaklqana.
  3580 | D:4      | Became a worshipper of Warmaster Okawaru
  3740 | D:5      | Entered Level 5 of the Dungeon
  3746 | D:5      | HP: 1/48 [something/puff of flame (10)]
  3747 | D:5      | Slain by an orc wizard

Levels and vault maps discovered:
D:1:      minmay_arrival_solitary_statue, layout_rooms, serial_glass,
          glass_columns_b, glass_columns_a, glass_columns_a, glass_columns_a,
          glass_columns_c
D:2:      layout_basic, nicolae_ru_great_annihilating_truth,
          kiku_gazebo_garden_becter
D:3:      layout_rooms, doesnt_xom_only_xom, first_ration
D:4:      layout_basic, gammafunk_temple_overflow_claw, serial_shops, shop
D:5:      layout_loops_ring, evilmike_ruin_ashenzari, trog_hazing_becter

Skill      XL: |  1  2  3  4 |
---------------+-------------+-----
Fire Magic     | 3 |  3.4
Dodging        | 2 |  2.7
Conjurations   | 1 |  1.5
Fighting       | 1 |  1.6
Maces & Flails | 1 |  1.3
Spellcasting   | 3 |  3.1
Polearms       | |  0.9
Stealth        | |  1.5

Action                   |  1- 3 |  4- 6 || total
-------------------------+-------+-------++-------
Melee: Unarmed           |     8 |       ||     8
       Club              |    10 |    33 ||    43
       Spear             |    85 |       ||    85
 Cast: Flame Tongue      |    28 |    45 ||    73
  Use: Scroll            |     3 |     4 ||     7
       Potion            |       |     2 ||     2
 Stab: Sleeping          |     4 |       ||     4
  Eat: Chunk             |     2 |     1 ||     3
       Ration            |       |     2 ||     2
Armor: Robe              |    12 |    20 ||    32
Dodge: Dodged            |    70 |    55 ||   125
